 Dungeon Crawl Stone Soup version 0.31-a0-846-gb3bcc0d938 (webtiles) character file.

Game seed: 752756334236660807

5 javelincjr the Changeling (level 1, 0/19 HPs)
             Began as an Ogre Shapeshifter on Oct 3, 2023.
             Slain by a frilled lizard (1 damage)
             ... on level 1 of the Dungeon.
             The game lasted 00:00:48 (150 turns).

javelincjr the Changeling (Ogre Shapeshifter)        Turns: 150, Time: 00:00:48

Health: 0/19       AC:  3    Str: 17    XL:     1   Next: 80%
Magic:  1/1        EV:  9    Int: 11    God:
Gold:   0          SH:  0    Dex:  8    Spells: 0/0 levels left

rFire   . .          .
                       - Unarmed
rCold   . . .        (no shield)
rNeg    . . .        a - +0 animal skin
rPois   .            (helmet currently unavailable)
rElec   .            (cloak currently unavailable)
rCorr   .            (gloves unavailable)
SInv    .            (boots unavailable)
Will    .....        (no amulet)
Stlth   +            (no ring)
HPRegen 0.23/turn    (no ring)
MPRegen 0.07/turn

%: no passive effects
@: beast-form
A: beast (slay +1), large, unfitting armour, tough skin 1
a: Begin Untransformation


You were on level 1 of the Dungeon.
You were a hulking beast.
You visited 1 branch of the dungeon, and saw 1 of its levels.

Inventory:

Armour
 a - a +0 animal skin (worn)
Talismans
 c - a beast talisman (active)
 d - a flux talisman
Potions
 b - a potion of lignification


   Skills:
 + Level 1.6 Fighting
 + Level 1.9 Dodging
 + Level 2.7 Unarmed Combat
 * Level 3.1 Shapeshifting


You couldn't memorise any spells.
You didn't know any spells.
Your spell library was empty.

Dungeon Overview and Level Annotations

Branches:
Dungeon (1/15)

Altars:


Innate Abilities, Weirdness & Mutations

You are a hulking beast.
Your limbs bulge with bestial killing power. (Slay +1)
You are too large for most types of armour.
You have tough skin. (AC +1)


Message History

The jackal bites you. The jackal barely misses you.
The jackal bites you but does no damage.
You barely miss the jackal. The jackal closely misses you. x3
You closely miss the rat. The jackal bites you. The jackal barely misses you.
A rat comes into view.
The rat barely misses you.
You barely miss the rat. The jackal closely misses you. The jackal bites you.
The rat bites you.
You are too injured to fight recklessly!
You are too injured to fight recklessly!
You are too injured to fight recklessly!
You hit the rat.
You kill the rat!
The jackal bites you. The jackal closely misses you. The jackal bites you. x2
* * * LOW HITPOINT WARNING * * *
You miss the jackal. The jackal barely misses you.
The jackal bites you but does no damage.
The frilled lizard bites you.
* * * LOW HITPOINT WARNING * * *
You barely miss the frilled lizard. The jackal barely misses you.
The jackal bites you but does no damage.
The jackal barely misses you.
The frilled lizard completely misses you.
You closely miss the jackal. The jackal barely misses you.
The jackal bites you but does no damage.
The jackal bites you.
* * * LOW HITPOINT WARNING * * *
You hit the jackal.
The jackal is almost dead.
The frilled lizard barely misses you.
The jackal bites you but does no damage.
The jackal completely misses you.
You hit the jackal.
You kill the jackal!
The jackal barely misses you. The frilled lizard bites you.
* * * LOW HITPOINT WARNING * * *
The jackal barely misses you.
You miss the frilled lizard. The rat barely misses you.
The frilled lizard bites you.
You die...

#.# .:.# +# ###
#.####..###.#
#⌠###...........#
##.#†...........#
##.#.#.##........#
##.#.##.#.........#
##.###...#...:#...!#
##.##
#..#....#....##
##.##
##.#...h.......
##.## #.#..rlh......
#.## #.#.§.§§..≈...
.## #..§≈§.≈≈≈.. #.#
#..§≈.$.≈... ⌠##
#.§...≈...≈. ##
.≈≈≈.§§≈.≈≈≈
.§§§§..≈...≈.


You could see a jackal, a frilled lizard and a rat.

Vanquished Creatures
  2 jackals (D:1)
  A frilled lizard (D:1)
  2 kobolds (D:1)
  A rat (D:1)
6 creatures vanquished.

Notes
Turn   | Place    | Note
-------+----------+-------------------------------------------
     0 | D:1      | javelincjr the Ogre Shapeshifter began the quest for the
                  | Orb.
     0 | D:1      | Reached XP level 1. HP: 19/19 MP: 1/1
   150 | D:1      | Slain by a frilled lizard

Illustrated notes

Levels and vault maps discovered:
D:1:      nagdon_arrival_zigzag_paths, layout_basic, grunt_decor_one_mirror,
          kennysheep_doodads, chequers_serial_rivers_micro_a

Action                     || total
---------------------------++-------
  Melee: Unarmed           ||    26
 Armour: Animal skin       ||    20
  Dodge: Dodged            ||    20

Table legend: (Time is in decaauts)
 A = Elapsed time spent in this place.
 B = Non-inter-level travel time spent in this place.
 C = Inter-level travel time spent in this place.
 D = Time resting spent in this place.
 E = Time spent auto-exploring this place.
 F = Levels seen in this place.
 G = Mean time per level.
                   A        B        C        D        E       F      G
               +--------+--------+--------+--------+--------+-----+--------+
         Total |    148 |    148 |      0 |      0 |     84 |   1 |  148.0 |
       Dungeon |    148 |    148 |      0 |      0 |     84 |   1 |  148.0 |
               +--------+--------+--------+--------+--------+-----+--------+

Top non-repeatable levels by time:
     D:1: 148 daAuts
